 Dungeon Crawl Stone Soup version 0.26-a0-737-g4e9f4955e2 (webtiles) character file.

Game seed: 8002123968333936657

33 Queen the Skirmisher (level 3, 33/33 HPs)
             Began as a Palentonga Fighter on Nov 4, 2020.
             Quit the game on level 1 of the Dungeon.
             The game lasted 00:02:38 (993 turns).

Queen the Skirmisher (Palentonga Fighter)            Turns: 993, Time: 00:02:39

Health: 33/33      AC:  6    Str: 20    XL:     3   Next: 12%
Magic:  3/3        EV:  5    Int:  8    God:
Gold:   22         SH:  8    Dex:  9    Spells: 2/2 levels left

rFire    . . .     SeeInvis +   a - +0 long sword
rCold    . . .     Faith    .   c - +0 kite shield
rNeg     . . .     Spirit   .   b - +0 scale mail
rPois    .         Reflect  .   (no helmet)
rElec    .         Harm     .   (no cloak)
rCorr    .         Rampage  .   (no gloves)
MR       .....                  (no barding)
Stlth    ..........             (no amulet)
HPRegen  0.11/turn              (no ring)
MPRegen  0.08/turn              (no ring)

@: no status effects
A: large, rugged brown scales 3, see invisible, deformed body, roll, armoured
tail
a: Rolling Charge


You were on level 1 of the Dungeon.
You visited 1 branch of the dungeon, and saw 1 of its levels.

You collected 22 gold pieces.

Inventory:

Hand Weapons
 a - a +0 long sword (weapon)
Armour
 b - a +0 scale mail (worn)
 c - a +0 kite shield (worn)
Scrolls
 e - 2 scrolls of identify {unknown}
 h - a scroll of teleportation {unknown}
 i - a scroll of immolation {unknown}
Potions
 d - a potion of might
 f - 3 potions of brilliance {unknown}
 g - a potion of magic {unknown}


   Skills:
 + Level 3.2 Fighting
 + Level 2.3 Long Blades
 + Level 2.8 Armour
 + Level 2.8 Shields


You had 2 spell levels left.
You didn't know any spells.
Your spell library was empty.

Dungeon Overview and Level Annotations

Branches:
Dungeon (1/15)

Altars:


Innate Abilities, Weirdness & Mutations

You are completely covered in rugged brown scales. (AC +3, +7% HP)
You have supernaturally acute eyesight. (SInv)
Armour fits poorly on your strangely shaped body.
You can roll at foes to attack.
You have a long armoured tail.


Message History

You kill the kobold!
No target in view!
i - a scroll labeled ARUTRI KORU
Things that are here:
a +0 dagger; a +1 leather armour of magic resistance; a kobold corpse You see here a +0 club.
You now have 22 gold pieces (gained 8).
You see here 16 arrows.
There is an open door here.
There is an open door here.
Done exploring.
Done exploring.
Done exploring.
Done exploring.
Done exploring.
Done exploring.
Done exploring.
Setting a skill training target for Shields at 9.0.
Unknown command.
Are you sure you want to abandon this character and quit the game? (Confirm with "yes".)

...##.##..##.......#
..###.....########.#
..# #.##.## #.#
.####....# ######.#
.#.##.#### #......#
#...#.# ####......#
..###.# #.........##
...##.# #..........#
....#.# #......@...#
..#.#.# #######....#
..###.# ###'## .###..#
####.# ##...## #....#
#..### #....#
.....##########....####
.>...'................#
.....#########........#


There were no monsters in sight!

Vanquished Creatures
  A gnoll (D:1)
  2 dart slugs (D:1)
  2 leopard geckos (D:1)
  2 hobgoblins (D:1)
  5 bats (D:1)
  A frilled lizard (D:1)
  3 kobolds (D:1)
  3 rats (D:1)
19 creatures vanquished.

Notes
Turn   | Place    | Note
-------+----------+-------------------------------------------
     0 | D:1      | Queen the Palentonga Fighter began the quest for the Orb.
     0 | D:1      | Reached XP level 1. HP: 20/20 MP: 1/1
   192 | D:1      | Reached XP level 2. HP: 11/27 MP: 2/2
   621 | D:1      | Reached XP level 3. HP: 32/33 MP: 3/3
   993 | D:1      | Quit the game

Illustrated notes

Levels and vault maps discovered:
D:1:      dpeg_arrival_arbitrary_a, layout_basic,
          chequers_serial_rivers_micro_b, minmay_tromino_v4_b

Action                   || total
-------------------------++-------
Melee: Long sword        ||    57
       Tailslap          ||     6
Armor: Scale mail        ||    42
Dodge: Dodged            ||    12
Block: Kite shield       ||    41
       Rpst.: Long sword ||     3

Table legend: (Time is in decaauts)
 A = Elapsed time spent in this place.
 B = Non-inter-level travel time spent in this place.
 C = Inter-level travel time spent in this place.
 D = Time resting spent in this place.
 E = Time spent auto-exploring this place.
 F = Levels seen in this place.
 G = Mean time per level.
                   A        B        C        D        E       F      G
               +--------+--------+--------+--------+--------+-----+--------+
         Total |   1014 |   1014 |      0 |      0 |    859 |   1 | 1014.0 |
       Dungeon |   1014 |   1014 |      0 |      0 |    859 |   1 | 1014.0 |
               +--------+--------+--------+--------+--------+-----+--------+

Top non-repeatable levels by time:
     D:1: 1014 daAuts
